 Dungeon Crawl Stone Soup version 0.31-a0-986-g5e6e4ef867 (webtiles) character file.

Game seed: 1774082380410141908

9 wildpjah the Trooper (level 2, 0/28 HPs)
             Began as a Naga Monk on Nov 18, 2023.
             Slain by a jackal (2 damage)
             ... on level 1 of the Dungeon.
             The game lasted 00:01:02 (267 turns).

wildpjah the Trooper (Naga Monk)                     Turns: 267, Time: 00:01:03

Health: 0/28       AC:  1    Str: 13    XL:     2   Next: 12%
Magic:  2/2        EV: 10    Int: 10    God:
Gold:   12         SH:  0    Dex: 13    Spells: 1/1 levels left

rFire   . . .        a - +0 falchion
rCold   . . .        d - orb {light}
rNeg    . . .        b - +0 robe
rPois   +            (no helmet)
rElec   .            (no cloak)
rCorr   .            (no gloves)
SInv    +            (no barding)
Will    .....        (no amulet)
Stlth   +            (no ring)
HPRegen 0.24/turn    (no ring)
MPRegen 0.08/turn

%: no passive effects
@: short of breath, glowing, very slow
A: AC +0, large, see invisible, deformed body, poison resistance, slowness 2,
spit poison 1, naga tail 1
a: Spit Poison


You were on level 1 of the Dungeon.
You visited 1 branch of the dungeon, and saw 1 of its levels.

You collected 12 gold pieces.

Inventory:

Hand Weapons
 a - a +0 falchion (weapon)
Armour
 b - a +0 robe (worn)
 d - an orb of light (worn)
Scrolls
 e - a scroll of noise {unknown}
Potions
 c - a potion of ambrosia


   Skills:
 + Level 3.2 Fighting
 + Level 3.2 Long Blades
 + Level 2.6 Dodging


You had one spell level left.
You didn't know any spells.
Your spell library was empty.

Dungeon Overview and Level Annotations

Branches:
Dungeon (1/15)

Altars:


Innate Abilities, Weirdness & Mutations

Your serpentine skin is tough. (AC +0)
You have supernaturally acute eyesight. (SInv)
Armour fits poorly on your strangely shaped body.
Your system is resistant to poisons. (rPois)
You cover ground very slowly.
You can spit poison.
You have a snake-like lower body.


Message History

The jackal bites you. x2
You hit the jackal.
The jackal is heavily wounded.
The jackal closely misses you. The jackal bites you.
The jackal bites you but does no damage.
The jackal bites you.
You hit the jackal.
The jackal is almost dead.
The jackal bites you. x3
You are too injured to fight recklessly!
You are too injured to fight recklessly!
You are too injured to fight recklessly!
The jackal bites you. The jackal attacks as it pursues you!
The jackal bites you but does no damage.
The jackal bites you.
* * * LOW HITPOINT WARNING * * *
The jackal closely misses you. The jackal bites you.
* * * LOW HITPOINT WARNING * * *
The jackal barely misses you. The jackal attacks as it pursues you!
The jackal closely misses you. The jackal bites you.
* * * LOW HITPOINT WARNING * * *
You don't know any spells.
Aiming: Spit Poison (3% risk of failure)
Press: ? - help, Shift-Dir - straight line, f - jackal
Aim: a jackal (haloed, 67% to hit)
The splash of poison hits the jackal!
The jackal is poisoned.
You kill the jackal!
The jackal barely misses you.
You slash the jackal!
You kill the jackal!
The jackal bites you.
* * * LOW HITPOINT WARNING * * *
You have reached level 2!
You hit the jackal.
You kill the jackal!
The jackal barely misses you.
You closely miss the jackal. The jackal bites you.
You die...

## ##.#### .. #..#
#. #.## #.###
#####.###### #...##
#..........#
###..####.##)..###.#
##...##.##.....#.#
###h##....###.#.#
#@##.#....#.#.#
##.#..####.###.####
#...>....#...#.....
#.######.###.#####.
#.# # #.# #. #.# #.#
#. #.# #.# #. #..
#†# #. ### #.# #.


You could see a jackal.

Vanquished Creatures
  3 jackals (D:1)
  2 quokkas (D:1)
  A frilled lizard (D:1)
  A goblin (D:1)
  A rat (D:1)
8 creatures vanquished.

Notes
Turn   | Place    | Note
-------+----------+-------------------------------------------
     0 | D:1      | wildpjah the Naga Monk began the quest for the Orb.
     0 | D:1      | Reached XP level 1. HP: 21/21 MP: 1/1
     6 | D:1      | Noticed a lindwurm
     6 | D:1      | Noticed a hog
     7 | D:1      | Noticed an iguana
     7 | D:1      | Noticed a black bear
   265 | D:1      | HP: 1/21 [jackal (3)]
   266 | D:1      | Reached XP level 2. HP: 1/28 MP: 2/2
   267 | D:1      | Slain by a jackal

Illustrated notes

Levels and vault maps discovered:
D:1:      onia_arrival_zoo_common, layout_basic

Action                     || total
---------------------------++-------
  Melee: Falchion          ||    20
Ability: Spit Poison       ||     1
 Armour: Robe              ||    19
  Dodge: Dodged            ||    17

Table legend: (Time is in decaauts)
 A = Elapsed time spent in this place.
 B = Non-inter-level travel time spent in this place.
 C = Inter-level travel time spent in this place.
 D = Time resting spent in this place.
 E = Time spent auto-exploring this place.
 F = Levels seen in this place.
 G = Mean time per level.
                   A        B        C        D        E       F      G
               +--------+--------+--------+--------+--------+-----+--------+
         Total |    350 |    350 |      0 |      0 |    285 |   1 |  350.0 |
       Dungeon |    350 |    350 |      0 |      0 |    285 |   1 |  350.0 |
               +--------+--------+--------+--------+--------+-----+--------+

Top non-repeatable levels by time:
     D:1: 350 daAuts
